 Dungeon Crawl Stone Soup version 0.28.0-43-g3370ac3207 (webtiles) character file.

Game seed: 6631995796379662394

1501 RascalDebosk the Skirmisher (level 8, 0/109 HPs)
             Began as a Minotaur Fighter on Mar 6, 2022.
             Slain by an ogre
             ... wielding a +0 giant spiked club
              (17 damage)
             ... on level 4 of the Dungeon on Mar 7, 2022.
             The game lasted 00:34:18 (3411 turns).

RascalDebosk the Skirmisher (Minotaur Fighter)      Turns: 3411, Time: 00:34:18

Health: 0/109      AC: 24    Str: 20 (23) XL:     8   Next: 52%
Magic:  7/7        EV:  2    Int:  2 (5)  God:
Gold:   191        SH:  5    Dex:  8 (10) Spells: 7/7 levels left

rFire   . . .      SeeInvis .   a - +0 war axe
rCold   + . .      Faith    .   c - +0 buckler
rNeg    . . .      Spirit   .   (armour currently unavailable)
rPois   +          Reflect  .   (helmet currently unavailable)
rElec   .          Harm     .   (cloak currently unavailable)
rCorr   .          Rampage  .   (gloves currently unavailable)
Will    .....      NoTele   +   (boots currently unavailable)
Stlth   +.........              s - amulet of regeneration
HPRegen 1.08/turn               b - ring of protection from cold
MPRegen 0.10/turn               (no ring)

@: tree-form
A: stationary, stasis, torment immunity, boosted hp, (horns 2), (retaliatory
headbutt)
a: no special abilities


You were on level 4 of the Dungeon.
You were a tree.
You visited 1 branch of the dungeon, and saw 4 of its levels.

You collected 191 gold pieces.

Inventory:

Hand Weapons
 a - a +0 war axe (weapon)
Missiles
 p - 5 atropa-tipped darts (quivered)
 r - 48 stones
Armour
 c - a +0 buckler (worn)
 l - a +1 plate armour of poison resistance (melded)
Jewellery
 b - a ring of protection from cold (left branch)
 g - an amulet of magic regeneration
 s - an amulet of regeneration (around neck)
Wands
 u - a wand of paralysis (7)
Scrolls
 e - a scroll of noise {unknown}
 f - a scroll of vulnerability {unknown}
 i - 4 scrolls of magic mapping {unknown}
 j - 2 scrolls of amnesia {unknown}
 k - 4 scrolls of identify {unknown}
 m - a scroll of enchant armour {unknown}
 n - a scroll of teleportation {unknown}
Potions
 d - a potion of might
 h - a potion of lignification
 o - 3 potions of degeneration
 q - a potion of berserk rage {unknown}
 t - a potion of heal wounds {unknown}


   Skills:
 + Level 7.3 Fighting
 + Level 6.8 Axes
 + Level 7.3 Armour
 + Level 7.3 Shields


You had 7 spell levels left.
You didn't know any spells.
Your spell library contained the following spells:

 Spells                   Type           Power      Damage    Failure   Level
 Animate Skeleton         Necr           0%         N/A       63%         1
 Pain                     Necr           0%         1d4       63%         1
 Summon Small Mammal      Summ           0%         N/A       63%         1
 Blink                    Tloc           0%         N/A       77%         2
 Corpse Rot               Necr/Air       0%         N/A       77%         2
 Poisonous Vapours        Pois/Air       0%         N/A       77%         2
 Static Discharge         Conj/Air       0%         N/A       77%         2
 Sublimation of Blood     Necr           0%         N/A       77%         2
 Wereblood                Tmut           0%         N/A       77%         2
 Call Canine Familiar     Summ           0%         N/A       94%         3
 Lesser Beckoning         Tloc           0%         N/A       94%         3
 Summon Guardian Golem    Hex/Summ       0%         N/A       94%         3
 Vampiric Draining        Necr           0%         2d6       94%         3
 Dispel Undead            Necr           0%         3d6       100%        4
 Sticky Flame             Conj/Fire      0%         2d3       100%        4
 Manifold Assault         Tloc           0%         N/A       100%        5
 Summon Hydra             Summ           0%         N/A       100%        7


Dungeon Overview and Level Annotations

Branches:
Dungeon (4/15)
 Temple: D:4-7

Altars:
Kikubaaqudgha
Wu Jian
Zin

Shops:
D:2 (   D:3 [


Innate Abilities, Weirdness & Mutations

You are a tree.
Your roots penetrate the ground, keeping you stationary.
You cannot be teleported.
You are immune to unholy pain and torment.
Your maximum health is greatly increased.
Your equipment is partially melded.
((You have a pair of horns on your head.))
((You reflexively headbutt those who attack you in melee.))


Message History

The hound skeleton bites you but does no damage. x2
You slash the hound skeleton!
The hound skeleton is heavily damaged.
You hit the plant.
A nearby plant withers and dies.
You block the hound skeleton's attack.
The hound skeleton bites you but does no damage.
You barely miss the hound skeleton.
The hound skeleton is heavily damaged.
The hound skeleton bites you but does no damage.
You slash the hound skeleton!
The hound skeleton is almost destroyed.
The hound skeleton bites you but does no damage.
The hound skeleton barely misses you.
You barely miss the hound skeleton.
The hound skeleton is almost destroyed.
The hound skeleton bites you but does no damage.
You slash the hound skeleton!
You destroy the hound skeleton!
You barely miss the ogre.
The ogre hits you with a +0 giant spiked club!!
The ogre hits you with a +0 giant spiked club!!
The ogre hits you with a +0 giant spiked club!!
* * * LOW HITPOINT WARNING * * *
Aiming: Paralyse
Press: ? - help, Shift-Dir - straight line, f - ogre
Aim: an ogre, wielding a +0 giant spiked club (chance to affect: 49%)
The ogre suddenly stops moving!
It was a potion of degeneration.
There was something very wrong with that liquid.
You feel weakened.
You feel dopey.
You feel clumsy.
It was a potion of lignification.
You turn into a tree.
Your +1 plate armour of poison resistance melds into your body.
You no longer feel resistant to poison.
Your roots penetrate the ground.
An ogre is nearby!
An ogre is nearby!
The ogre is no longer paralysed.
The ogre hits you with a +0 giant spiked club!
* * * LOW HITPOINT WARNING * * *
The ogre hits you with a +0 giant spiked club!
You die...

###### ♣≈≈$.### ♣≈♣≈...##
#≈≈P≈≈♣♣♣O.# ♣P♣≈≈≈≈ ♣♣♣##
♣≈≈P≈≈♣≈≈♣♣..#
♣P≈≈≈P≈≈PP≈♣.#
≈≈≈P♣PP≈♣≈♣P.#
♣P♣P≈≈≈♣≈≈P≈.##
♣≈O≈≈≈≈≈≈≈≈≈..#############
≈≈≈≈≈≈♣≈≈♣♣.............#
≈≈≈≈≈≈≈P≈≈♣######.......##
≈≈≈≈≈≈≈≈≈♣≈.....).........


You could see an ogre.

Vanquished Creatures
  Pikel (D:4)
  Grinder (D:3)
  Sigmund (D:3)
  A water moccasin (D:4)
  A necrophage (D:4)
  An ogre (D:4)
  A phantom (D:4)
  4 lemures (D:4)
  A jelly (D:4)
  A gnoll shaman (D:4)
  A bullfrog skeleton (D:4)
  A centaur skeleton (D:4)
  2 iguanas (D:4)
  3 orc wizards
  A hound skeleton (D:4)
  2 adders
  An adder skeleton (D:4)
  3 worms
  3 dart slugs
  11 orcs
  5 endoplasms
  2 giant cockroaches
  4 goblins
  10 hobgoblins
  4 jackals (D:3)
  7 kobolds
  4 quokkas
  7 ball pythons
  7 bats
  A frilled lizard (D:1)
  3 rats
95 creatures vanquished.

Vanquished Creatures (others)
  7 plants (D:4)
7 creatures vanquished.

Grand Total: 102 creatures vanquished

Notes
Turn   | Place    | Note
-------+----------+-------------------------------------------
     0 | D:1      | RascalDebosk the Minotaur Fighter began the quest for the
                  | Orb.
     0 | D:1      | Reached XP level 1. HP: 19/19 MP: 0/0
    51 | D:1      | Reached XP level 2. HP: 27/27 MP: 1/1
   938 | D:1      | Found a faded altar of an unknown god.
  1227 | D:1      | Reached XP level 3. HP: 33/33 MP: 2/2
  1467 | D:2      | Found an ornate altar of the Wu Jian Council.
  1638 | D:2      | Found Huros's Weapon Shop.
  1953 | D:3      | Reached XP level 4. HP: 39/41 MP: 3/3
  1968 | D:3      | Noticed Grinder
  1971 | D:3      | Found Xuarog's Antique Armour Shoppe.
  1973 | D:3      | Paralysed by Grinder for 6 turns
  1993 | D:3      | Paralysed by Grinder for 4 turns
  2004 | D:3      | Killed Grinder
  2005 | D:3      | Reached skill level 5 in Fighting
  2005 | D:3      | Reached skill level 5 in Armour
  2005 | D:3      | Reached skill level 5 in Shields
  2005 | D:3      | Reached XP level 5. HP: 30/48 MP: 4/4
  2005 | D:3      | Reached XP level 6. HP: 36/56 MP: 5/5
  2309 | D:3      | Found an ancient bone altar of Kikubaaqudgha.
  2309 | D:3      | Found a glowing silver altar of Zin.
  2395 | D:3      | Noticed Sigmund
  2416 | D:3      | Killed Sigmund
  2815 | D:4      | Reached skill level 5 in Axes
  2895 | D:4      | Reached XP level 7. HP: 28/62 MP: 6/6
  3111 | D:4      | Noticed Pikel
  3126 | D:4      | Killed Pikel
  3127 | D:4      | Reached XP level 8. HP: 49/73 MP: 7/7
  3411 | D:4      | Slain by an ogre

Illustrated notes

Levels and vault maps discovered:
D:1:      dpeg_arrival_pits, layout_loops_corners,
          shapermc_ecumenical_altar_mp_highgroup, st_stairs_2,
          roderic_three_in_a_row, nicolae_wormholes
D:2:      layout_basic, basic_altar, serial_shops, shop
D:3:      layout_basic, mainiacjoe_overflow_divided_tiny, serial_shops, shop,
          uniq_sigmund, uniq_grinder
D:4:      minmay_inner_zag, layout_rooms, serial_bayou_lake_a, uniq_pikel

Skill      XL: |  1  2  3  4  5  6  7 |
---------------+----------------------+-----
Fighting       | 4 5 7 |  7.3
Shields        | 4 5 7 |  7.3
Armour         | 4 5 7 |  7.3
Axes           | 3 4 5 6 |  6.8

Action                   |  1- 3 |  4- 6 |  7- 9 || total
-------------------------+-------+-------+-------++-------
Melee: War axe           |    70 |    69 |    91 ||   230
       Headbutt          |     9 |     8 |    12 ||    29
Throw: Dart              |       |     1 |       ||     1
Evoke: Wand              |       |       |     1 ||     1
  Use: Potion            |       |       |     2 ||     2
Armor: Scale mail        |    21 |       |       ||    21
       Plate armour      |    10 |    65 |    62 ||   137
Dodge: Dodged            |    39 |    15 |    19 ||    73
Block: Buckler           |     9 |    12 |    15 ||    36
